 Dungeon Crawl Stone Soup version 0.30-a0-916-g9813417 (webtiles) character file.

Game seed: 685621168470644700

51 Think the Ducker (level 3, 0/26 HPs)
             Began as an Octopode Fighter on Mar 21, 2023.
             Slain by a scorpion (1 damage)
             ... on level 5 of the Dungeon on Mar 22, 2023.
             The game lasted 00:04:54 (1355 turns).

Think the Ducker (Octopode Fighter)                 Turns: 1355, Time: 00:04:54

Health: 0/26       AC:  1    Str: 15    XL:     3   Next: 81%
Magic:  3/3        EV: 14    Int: 10    God:
Gold:   81         SH:  4    Dex: 13    Spells: 2/2 levels left

rFire   . . .      SeeInvis .    a - +0 long sword
rCold   . . .      Faith    .    b - +0 buckler
rNeg    . . .      Spirit   .    (helmet restricted)
rPois   .          Reflect  .    (no amulet)
rElec   .          Rampage  .    (no ring)
rCorr   .                        (no ring)
Will    .....                    (no ring)
Stlth   ++                       (no ring)
HPRegen 0.24/turn                (no ring)
MPRegen 0.08/turn                (no ring)
                                 (no ring)
                                 (no ring)

@: lethally poisoned (0 -> -11)
A: almost no armour, amphibious, 8 rings, camouflage 1, gelatinous body 1,
(nimble swimmer 1), tentacles
a: no special abilities


You were on level 5 of the Dungeon.
You visited 1 branch of the dungeon, and saw 4 of its levels.

You collected 81 gold pieces.

Inventory:

Hand Weapons
 a - a +0 long sword (weapon)
Armour
 b - a +0 buckler (worn)
Scrolls
 d - a scroll of torment {unknown}
 g - a scroll of enchant armour {unknown}
 h - a scroll of fog {unknown}
 i - 2 scrolls of identify {unknown}
 l - a scroll of noise {unknown}
Potions
 c - a potion of might
 e - a potion of lignification {unknown}
 f - a potion of attraction {unknown}
 j - a potion of degeneration {unknown}
 k - a potion of heal wounds {unknown}


   Skills:
 - Level 3.2 Fighting
 - Level 2.3 Long Blades
 + Level 4.0 Dodging
 - Level 3.2 Shields


You had 2 spell levels left.
You didn't know any spells.
Your spell library contained the following spells:

 Spells                   Type           Power      Damage    Failure   Level
 Lesser Beckoning         Tloc           0%         N/A       58%         2
 Gell's Gravitas          Tloc           0%         N/A       83%         3
 Teleport Other           Tloc           0%         N/A       83%         3


Dungeon Overview and Level Annotations

Branches:
Dungeon (3/15)

Altars:

Shops:
D:1 *   D:2 *


Innate Abilities, Weirdness & Mutations

You cannot wear most types of armour.
You are amphibious.
You can wear up to eight rings at the same time.
Your skin changes colour to match your surroundings (Stealth+).
Your rubbery body absorbs attacks. (AC +1, EV +1)
((You are camouflaged when in or above water. (Stealth+)))
You have tentacles for arms and can constrict up to eight enemies at once.


Message History

Unknown command.
(D) Dungeon
Where to? (Enter - D:1 @ (x,y), ? - help)
There is a stone staircase leading down here.
You climb downwards.
There is a stone staircase leading up here.
Unknown command.
A sourceless malevolence fills the Dungeon...
You fall into a shaft and drop 2 floors!
The shaft crumbles and collapses.
Found 12 gold pieces.
A scorpion comes into view.
Found a leather armour.
A howler monkey zombie comes into view.
The scorpion attacks as you move away! The scorpion misses you.
The scorpion stings you.
You are poisoned.
The scorpion poisons you!
You enter the shallow water.
You feel very sick.
You feel sick.
You feel sick.
You feel sick.
You feel sick.
You feel sick.
The howler monkey zombie attacks as you move away!
The howler monkey zombie hits you.
You feel sick.
You feel sick.
You feel sick.
You are no longer poisoned.
Found a scroll labelled HAQEGI IMOMA.
Found a stone staircase leading down.
The scorpion attacks as you move away! You block the scorpion's attack.
An adder comes into view.
Found a stone staircase leading down.
The scorpion stings you!
* * * LOW HITPOINT WARNING * * *
You are lethally poisoned!
The scorpion poisons you! The scorpion attacks as you move away!
The scorpion stings you.
You die...

#############...
##..........##...
#..............[.
##...........##...
##............##...
##..................
..###..............##...
#................$..#..~
#>.....@s..Z...........~
#.....................P~
...................###..
...........##...........
.S.......#...#.#####....
.........###.#.# #....
....###.## #.?.. .> ....
#.# #.##


You could see a scorpion, an adder (asleep) and a howler monkey zombie.

Vanquished Creatures
  3 worms (D:2)
  2 dart slugs
  4 ball pythons
  2 bats
  4 endoplasms
  4 giant cockroaches
  4 goblins
  2 hobgoblins
  2 jackals (D:1)
  3 frilled lizards (D:1)
  3 kobolds
  2 rats (D:1)
35 creatures vanquished.

Notes
Turn   | Place    | Note
-------+----------+-------------------------------------------
     0 | D:1      | Think the Octopode Fighter began the quest for the Orb.
     0 | D:1      | Reached XP level 1. HP: 16/16 MP: 1/1
    15 | D:1      | Found Wimogaal's Assorted Antiques.
   122 | D:1      | Reached XP level 2. HP: 21/21 MP: 2/2
   550 | D:1      | Reached XP level 3. HP: 25/26 MP: 3/3
  1006 | D:2      | Found Goludyas's Assorted Antiques.
  1020 | D:2      | Reached skill level 4 in Dodging
  1306 | D:3      | You fall into a shaft and drop 2 floors!
  1306 | D:5      | Entered Level 5 of the Dungeon
  1308 | D:5      | Noticed a scorpion
  1354 | D:5      | HP: 1/26 [scorpion (8)]
  1355 | D:5      | Slain by a scorpion

Illustrated notes

Levels and vault maps discovered:
D:1:      giann_horns, layout_basic, serial_shops, nicolae_shop_crystal,
          minmay_tetromino_s4
D:2:      layout_basic, serial_shops, shop, kennysheep_boxes
D:3:      layout_loops_ring, tgw_sif, serial_forest, infiniplex_forest_lined_3,
          infiniplex_forest_corner_2, infiniplex_forest_clump_diagonal,
          infiniplex_forest_corner_2, infiniplex_forest_clump_small
D:5:      layout_rooms, nzn_wu_jian_council_hall, serial_undead,
          serial_undead_f, serial_undead_d, serial_undead_a, serial_undead_e,
          serial_undead_b, serial_undead_f, minmay_manual_mares

Skill      XL: |  1  2  3 |
---------------+----------+-----
Dodging        | 4 |  4.0
Fighting       | |  3.2
Long Blades    | |  2.3
Shields        | |  3.2

Action                     || total
---------------------------++-------
  Melee: Long sword        ||    58
         Constrict         ||    12
         Tentacles         ||     6
   Stab: Sleeping          ||    10
 Armour: Skin              ||     1
  Dodge: Dodged            ||    24
  Block: Buckler           ||    14

Table legend: (Time is in decaauts)
 A = Elapsed time spent in this place.
 B = Non-inter-level travel time spent in this place.
 C = Inter-level travel time spent in this place.
 D = Time resting spent in this place.
 E = Time spent auto-exploring this place.
 F = Levels seen in this place.
 G = Mean time per level.
                   A        B        C        D        E       F      G
               +--------+--------+--------+--------+--------+-----+--------+
         Total |   1372 |   1358 |     14 |     48 |    998 |   4 |  343.0 |
       Dungeon |   1372 |   1358 |     14 |     48 |    998 |   4 |  343.0 |
               +--------+--------+--------+--------+--------+-----+--------+

Top non-repeatable levels by time:
     D:2: 719 daAuts
     D:1: 598 daAuts
     D:5: 48 daAuts
     D:3: 6 daAuts
